Map: Eternal Empire LE

Players

Ratl - Winner!

  • Race: Protoss Protoss
  • Spawn Location: 1:00

gryme

  • Race: Protoss Protoss
  • Spawn Location: 7:00

VOD

Have the link to the VOD?

Description

Time

  • Played on: Dec. 19, 2019, 8:33 p.m.
  • Length: 16:26
Show
View Real Time Build Order
Export as new Build Order

Ratl Protoss - Winner!

Build Orders:  

Get SALT Encoding   

  12  0:03  Probe  
  13  0:16  Probe  
  14  0:22  Pylon  
  14  0:29  Probe  
  15  0:41  Gateway  
  15  1:08  Probe  
  16  1:15  Gateway  
  16  1:22  Assimilator  
  16  1:27  Assimilator  
  16  1:34  Cybernetics Core  
  16  1:41  Probe (Chrono Boost)  
  17  1:51  Probe (Chrono Boost)  
  18  1:56  Probe (Chrono Boost)  
  19  2:07  Probe  
  20  2:14  Nexus  
  20  2:19  Probe, Stalker  
  23  2:28  Pylon  
  22  2:31  Probe  
  23  2:46  Stalker  
  23  2:49  Pylon  
  23  2:50  Probe  
  26  3:07  Probe  
  26  3:12  Warp Gate  
  27  3:15  Stalker  
  27  3:16  Stalker  
  31  3:26  Probe x2 (Chrono Boost)  
  33  3:36  Probe (Chrono Boost)  
  33  3:37  Robotics Facility  
  33  3:38  Probe (Chrono Boost)  
  35  3:47  Robotics Facility  
  35  3:55  Probe x2  
  37  3:59  Assimilator  
  37  4:03  Assimilator  
  37  4:07  Probe x2  
  39  4:12  Twilight Council  
  39  4:17  Stalker  
  39  4:18  Stalker  
  39  4:19  Probe  
  44  4:31  Pylon  
  44  4:35  Pylon  
  44  4:38  Observer  
  45  4:46  Probe (Chrono Boost)  
  45  4:50  Probe (Chrono Boost)  
  47  4:58  Probe (Chrono Boost)  
  49  5:01  Probe (Chrono Boost)  
  49  5:02  Probe (Chrono Boost)  
  50  5:10  Probe  
  51  5:22  Probe  
  52  5:35  Immortal  
  56  5:36  Nexus  
  56  5:38  Pylon  
  56  5:40  Pylon  
  56  5:42  Stalker  
  56  5:43  Stalker  
  59  5:58  Pylon  
  59  5:59  Pylon  
  59  6:15  Immortal (Chrono Boost)  
  63  6:25  Gateway x2  
  63  6:27  Gateway  
  63  6:28  Gateway  
  63  6:32  Blink (Chrono Boost)  
  63  6:35  Gateway  
  63  6:36  Forge  
  63  6:38  Forge  
  63  6:39  Pylon  
  63  6:45  Pylon  
  63  6:56  Warp Prism  
  63  7:01  Adept x2  
  69  7:10  Shield Battery  
  69  7:12  Shield Battery  
  69  7:15  Pylon  
  69  7:16  Pylon  
  69  7:19  Pylon  
  69  7:30  Probe (Chrono Boost)  
  69  7:32  Probe (Chrono Boost)  
  69  7:35  Probe (Chrono Boost)  
  72  7:39  Immortal  
  72  7:40  Probe (Chrono Boost)  
  72  7:41  Probe (Chrono Boost)  
  72  7:44  Probe (Chrono Boost)  
  79  7:45  Probe (Chrono Boost)  
  79  7:51  Assimilator  
  80  7:54  Probe, Assimilator  
  81  8:13  Robotics Bay  
  81  8:16  Charge (Chrono Boost)  
  81  8:18  Probe x2, Protoss Ground Weapons Level 1, Immortal, Protoss Ground Armor Level 1  
  81  8:19  Probe  
  88  8:30  Probe  
  88  8:31  Probe x2  
  91  8:54  Gateway  
  91  8:57  Gateway  
  91  8:58  Immortal (Chrono Boost)  
  91  8:59  Gateway x2  
  95  9:18  Stalker x2  
  95  9:19  Stalker x5  
  109  9:37  Observer (Chrono Boost)  
  110  9:50  Colossus  
  116  10:19  Pylon, Gravitic Drive  
  116  10:36  Templar Archives  
  116  10:40  Dark Shrine  
  116  10:43  Colossus  
  122  10:56  Zealot x3  
  122  10:57  Zealot x5  
  130  10:58  Zealot x3  
  144  11:16  Extended Thermal Lance  
  144  11:37  Colossus  
  150  11:42  Stalker x6  
  150  11:43  Stalker  
  154  12:12  Stalker x4  
  162  12:18  Stalker  
  132  12:56  Gravitic Boosters  
  120  13:05  Stalker x4  
  112  13:06  Stalker x3  
  112  13:07  Stalker  
  122  13:19  Stalker x3  
  124  13:55  Stalker x7  
  134  13:56  Stalker x2  
  138  14:16  Stalker x2  
  115  14:38  Stalker  
  115  14:39  Stalker x7  
  115  14:40  Stalker  
  133  14:47  Stalker x2  
  119  15:16  Stalker  
  119  15:17  Stalker x7  
  119  15:18  Stalker x2  
  137  15:25  Colossus  
  129  15:54  Stalker x4  
  129  15:55  Stalker x6  
  129  15:56  Stalker  
Show
View Real Time Build Order
Export as new Build Order

gryme Protoss 

Build Orders: Forge Fast Expand (FFE) 

Get SALT Encoding   

  12  0:02  Probe  
  13  0:23  Pylon  
  13  0:26  Probe  
  14  0:39  Probe  
  15  0:49  Forge  
  15  0:51  Probe (Chrono Boost)  
  16  1:02  Probe (Chrono Boost)  
  17  1:07  Probe (Chrono Boost)  
  18  1:17  Probe  
  19  1:23  Photon Cannon  
  19  1:30  Photon Cannon  
  19  1:44  Nexus  
  19  1:55  Pylon  
  19  2:12  Pylon  
  19  2:18  Pylon  
  19  2:29  Gateway  
  19  2:37  Photon Cannon  
  19  2:39  Photon Cannon  
  19  2:43  Assimilator  
  19  2:47  Probe (Chrono Boost), Assimilator  
  20  2:58  Probe (Chrono Boost)  
  22  2:59  Probe (Chrono Boost)  
  24  3:06  Probe (Chrono Boost)  
  24  3:07  Probe (Chrono Boost)  
  24  3:14  Probe  
  25  3:29  Photon Cannon  
  25  3:34  Photon Cannon  
  25  3:43  Cybernetics Core  
  25  3:47  Photon Cannon  
  25  3:52  Photon Cannon  
  25  4:06  Probe (Chrono Boost)  
  26  4:11  Pylon  
  26  4:13  Zealot (Chrono Boost)  
  26  4:15  Probe (Chrono Boost)  
  26  4:17  Pylon  
  29  4:20  Probe (Chrono Boost)  
  30  4:29  Shield Battery  
  30  4:32  Probe  
  30  4:33  Pylon  
  30  4:38  Pylon  
  31  4:44  Probe, Shield Battery  
  32  4:46  Photon Cannon  
  32  5:03  Photon Cannon  
  32  5:04  Photon Cannon  
  32  5:15  Sentry, Shield Battery  
  34  5:22  Robotics Facility  
  34  5:27  Photon Cannon  
  34  5:41  Sentry, Shield Battery  
  36  5:56  Photon Cannon  
  36  5:58  Photon Cannon  
  36  6:02  Photon Cannon  
  36  6:03  Pylon  
  36  6:13  Photon Cannon  
  36  6:14  Photon Cannon  
  36  6:18  Shield Battery  
  36  6:21  Observer (Chrono Boost)  
  37  6:32  Photon Cannon  
  37  6:35  Observer (Chrono Boost)  
  37  6:37  Photon Cannon  
  38  6:51  Observer (Chrono Boost)  
  39  7:03  Shield Battery  
  39  7:05  Photon Cannon, Observer  
  39  7:06  Photon Cannon  
  40  7:27  Observer (Chrono Boost)  
  41  7:41  Observer (Chrono Boost)  
  42  7:46  Photon Cannon  
  42  7:47  Photon Cannon  
  42  7:54  Nexus  
  42  7:56  Pylon  
  42  7:58  Pylon  
  42  8:00  Observer  
  42  8:02  Pylon  
  42  8:05  Pylon  
  43  8:08  Probe (Chrono Boost)  
  44  8:18  Probe (Chrono Boost)  
  45  8:21  Observer  
  45  8:23  Probe (Chrono Boost)  
  47  8:33  Photon Cannon  
  47  8:34  Probe  
  47  8:36  Photon Cannon  
  47  8:40  Photon Cannon  
  48  8:42  Observer  
  48  8:44  Photon Cannon  
  48  8:46  Probe (Chrono Boost)  
  51  8:56  Probe (Chrono Boost)  
  51  8:59  Stalker (Chrono Boost)  
  51  9:01  Probe (Chrono Boost)  
  53  9:04  Observer  
  53  9:07  Probe  
  56  9:15  Shield Battery  
  56  9:19  Probe  
  56  9:21  Stalker, Shield Battery  
  59  9:25  Observer  
  60  9:32  Probe  
  61  9:44  Probe  
  62  9:51  Photon Cannon  
  62  9:53  Photon Cannon  
  62  9:55  Shield Battery  
  62  9:56  Probe (Chrono Boost)  
  62  9:57  Photon Cannon  
  64  10:08  Probe (Chrono Boost)  
  64  10:14  Probe (Chrono Boost)  
  65  10:22  Probe  
  66  10:30  Nexus, Observer (Chrono Boost)  
  66  10:34  Probe, Pylon  
  68  10:35  Pylon  
  68  10:37  Pylon  
  68  10:40  Pylon  
  68  10:43  Observer (Chrono Boost)  
  69  10:59  Observer (Chrono Boost), Shield Battery  
  69  11:03  Photon Cannon  
  70  11:06  Photon Cannon  
  70  11:09  Photon Cannon  
  70  11:10  Photon Cannon  
  70  11:13  Photon Cannon  
  70  11:14  Observer  
  70  11:15  Photon Cannon  
  70  11:17  Photon Cannon  
  70  11:18  Stalker (Chrono Boost)  
  71  11:21  Photon Cannon  
  71  11:24  Photon Cannon  
  73  11:35  Observer  
  74  11:40  Photon Cannon, Stalker  
  74  11:42  Photon Cannon  
  74  11:46  Photon Cannon  
  76  11:48  Photon Cannon  
  76  11:51  Photon Cannon  
  76  12:05  Photon Cannon  
  76  12:07  Photon Cannon  
  76  12:08  Photon Cannon  
  76  12:10  Stalker  
  76  12:11  Photon Cannon  
  76  12:14  Shield Battery  
  78  12:19  Photon Cannon  
  78  12:25  Photon Cannon  
  78  12:28  Photon Cannon  
  78  12:29  Pylon  
  78  12:32  Photon Cannon  
  78  12:34  Pylon  
  78  12:35  Pylon  
  78  12:40  Stalker  
  75  13:10  Stalker (Chrono Boost)  
  51  13:40  Gateway  
  51  13:46  Shield Battery  
  44  13:49  Pylon  
  44  13:58  Forge  
  44  14:01  Forge, Immortal (Chrono Boost)  
  44  14:04  Pylon  
  42  14:33  Immortal (Chrono Boost)  
  42  14:39  Photon Cannon  
  42  14:43  Photon Cannon  
  42  14:46  Photon Cannon  
  42  15:02  Immortal (Chrono Boost)  
  17  16:14  Nexus  
  17  16:18  Pylon  
  17  16:19  Pylon  
Tags
 
Add a new tag
Caveats
  • Supply blocks, unpowered buildings, or Contaminate may cause inaccurate times.
  • Supply counts are checked every 10 seconds.